Unix NetHack Version 3.7.0-101 Work-in-progress - last build Mar 4 2024 02:26:32 (3c4ac04b664b9ee0831c739617f054b5b60dbfd1,branch:master). Game began 2024-03-09 19:34:36, ended 2024-03-09 20:15:22. laycre, neutral female human Monk ------- |..|..----- ----------------.........| |.%^^^^^.........-...|...| |+------------....*-.---.| |.........| --.|..%.1.@.| |.........| |.--.`----.| |.........| |..|..`.`1.| |.........| |-...`=`...| |....<....| |.``|...|`.| |.........| |.-.-----..| |.........| |(......%`.| |.........| -------->.-- ----------- ---- Laycre the Initiate St:17 Dx:15 Co:14 In:11 Wi:12 Ch:12 Neutral Dlvl:6 $:0 HP:0(64) Pw:26(30) AC:0 Xp:8/1486 T:4898 Blind Latest messages: You kill the brown mold! You cannot pass that way. With great effort you move the boulder. With great effort you move the boulder. The red glow of your hands intensifies. You already found a monster. Use 'm' prefix to force another search. You hit the tiger! Your hands no longer glow so brightly red. The tiger appears confused. You cannot pass that way. You hit the tiger! You hit the tiger! You kill the tiger! With great effort you move the boulder. The soldier wields a dagger! You hit the soldier! Your hands no longer glow so brightly red. The soldier appears confused. You hit the soldier! The soldier wields a hooked polearm! The hooked polearm welds itself to the soldier's hands! You kill the soldier! There are several objects here. Z - a pair of leather gloves. c - a pair of low boots. g - a C-ration. The soldier wields a corroded knife! You hit the wraith! Your hands no longer glow so brightly red. The wraith appears confused. The soldier picks up a cursed hooked polearm. You hit the wraith! The soldier zaps a platinum wand! The bolt of lightning hits you! You are blinded by the flash! You hit it. You hear a nearby zap. The bolt of lightning hits you! Your wand of fire breaks apart and explodes! Your emerald ring spins clockwise for a moment. Your wand of light breaks apart and explodes! Your wand of light breaks apart and explodes! Your copper ring spins clockwise for a moment. You hear the howling of the CwnAnnwn... The bolt of lightning hits you! Your emerald ring spins clockwise for a moment. Your copper ring spins clockwise for a moment. You die... Do you want your possessions identified? [ynq] (y) y Do you want to see your attributes? [ynq] (y) q Inventory: Weapons (')') H - 39 uncursed +0 darts Armor ('[') Z - a blessed +1 pair of leather gloves a - an uncursed +2 pair of leather gloves (being worn) N - an uncursed +2 pair of iron shoes (being worn) c - an uncursed +0 pair of low boots b - an uncursed +1 robe (being worn) Comestibles ('%') g - an uncursed C-ration f - 6 uncursed food rations i - 2 uncursed fortune cookies Q - 2 uncursed melons X - 2 uncursed tripe rations T - an uncursed lizard corpse Scrolls ('?') R - 2 uncursed scrolls of earth d - an uncursed scroll of teleportation Potions ('!') e - 2 uncursed potions of healing Rings ('=') V - a cursed +1 ring of increase accuracy P - a cursed +1 ring of increase damage Tools ('(') h - an uncursed drum of earthquake (0:5) F - an uncursed blindfold l - an uncursed brass lantern k - an uncursed lock pick W - an uncursed mirror p - an uncursed +0 pick-axe Laycre the Monk's attributes: Background: You were an Initiate, a level 8 female human Monk. You were neutral, on a mission for Chih Sung-tzu who was opposed by Shan Lai Ching (lawful) and Huan Ti (chaotic). You were right-handed. You were in Sokoban, on level 6. You entered the dungeon 4898 turns ago. There was a new moon in effect when your adventure ended. You had 1486 experience points, 1074 more were needed to attain level 9. Basics: You had 0 out of 64 hit points. You had 26 out of 30 energy points (spell power). Your armor class was 0. Your wallet was empty. Autopickup was on for '$=/!?"' plus thrown, with exceptions. Final Characteristics: Your strength was 17 (limit:18/100). Your dexterity was 15 (limit:18). Your constitution was 14 (limit:18). Your intelligence was 11 (limit:18). Your wisdom was 12 (limit:18). Your charisma was 12 (limit:18). Final Status: You were temporarily blind. You weren't hungry. You were unencumbered. You were empty handed. You had expert skill with martial arts. Final Attributes: You were piously aligned. You were sleep resistant. You were poison resistant. You would have seen invisible when not blind. You were warned. You would have confused monsters when hitting them. You were stealthy. You were guarded. You were fast. You are dead. Miscellaneous: You never encountered a bones level. Total elapsed playing time was 40 minutes and 45 seconds. Major events: Turn 1: laycre the neutral female human Monk entered the dungeon 301: entered the Gnomish Mines 480: attained the rank of Novice (level 3) 1741: reached Mine Town 1774: attained the rank of Initiate (level 6) 4189: entered Sokoban 4598: completed 1st Sokoban level 4898: killed by a bolt of lightning zapped by a soldier Vanquished creatures: 2 wargs a tiger an ochre jelly a soldier 2 quivering blobs an ice vortex a forest centaur 2 orc mummies a lizard a dust vortex a raven a snake a soldier ant a mountain nymph 2 Mordor orcs 4 Uruk-hai 3 orc shamans a violet fungus 3 gnome leaders 2 gnomish wizards a kobold mummy a gray ooze 2 elf zombies 2 giant ants 2 kittens 8 dwarves a homunculus a kobold leader a rothe 2 centipedes 4 monkeys a dwarf zombie 3 acid blobs 5 coyotes a gas spore 3 hobbits 2 manes a large kobold a hobgoblin a giant rat 6 cave spiders a brown mold a yellow mold 2 red molds 29 gnomes 2 geckos 2 jackals 3 goblins a sewer rat 2 grid bugs 2 lichens 2 kobold zombies 6 newts 134 creatures vanquished. No species were genocided or became extinct. Voluntary challenges: You were vegetarian. You never hit with a wielded weapon. You read items or engraved 9 times. You never engraved Elbereth. You never genocided any monsters. You never polymorphed an object. You never changed form. You used no wishes. You violated the special Sokoban rules once. Achievements: You entered the Gnomish Mines. You attained the rank of Novice. You entered Minetown. You entered a shop. You attained the rank of Initiate. You entered a temple. You entered Sokoban. The Dungeons of Doom: levels 1 to 9 Level 1: Level 2: Some fountains. Stairs down to The Gnomish Mines. Level 3: Level 4: A fountain. Level 5: Level 6: Level 7: Many fountains. Oracle of Delphi. Level 8: Stairs up to Sokoban, level 7. Level 9: The Gnomish Mines: levels 3 to 6 Level 3: Level 4: Level 5: Level 6: A temple and an altar, some fountains, a sink. Sokoban: levels 7 up to 6 Level 6: <- You were here. Unsolved. Final resting place for you, killed by a bolt of lightning zapped by a soldier. Level 7: Solved. Game over: ---------- / \ / REST \ / IN \ / PEACE \ / \ | laycre | | 0 Au | | killed by a bolt | | of lightning | | zapped by a | | soldier | | 2024 | *| * * * | * _________)/\\_//(\/(/\)/\//\/|_)_______ Goodbye laycre the Monk... You died in Sokoban on dungeon level 6 with 6364 points, and 0 pieces of gold, after 4898 moves. You were level 8 with a maximum of 64 hit points when you died.